 Dungeon Crawl Stone Soup version 0.30-a0-359-gd0147acb1a (webtiles) character file.

Game seed: 8011873379802238609

37 gamesnag the Ducker (level 3, 0/17 HPs)
             Began as a Felid Berserker on Nov 11, 2022.
             Was a Believer of Trog.
             Succumbed to an adder's poison
             ... on level 2 of the Dungeon.
             The game lasted 00:06:25 (1088 turns).

gamesnag the Ducker (Felid Berserker)               Turns: 1088, Time: 00:06:25

Health: 0/17       AC:  1    Str: 15    XL:     3   Next: 23%
Magic:  4/4        EV: 18    Int:  8    God:    Trog [**....]
Gold:   74         SH:  0    Dex: 15    Spells: 2/2 levels left
                                        Lives:  0   Deaths: 0

rFire   . . .      SeeInvis +      - Unarmed
rCold   . . .      Faith    .    (shield unavailable)
rNeg    . . .      Spirit   .    (body armour unavailable)
rPois   .          Reflect  .    (helmet unavailable)
rElec   .          Harm     .    (cloak unavailable)
rCorr   +          Rampage  .    (gloves unavailable)
Will    .....                    (boots unavailable)
Stlth   ++........               (no amulet)
HPRegen 0.22/turn                e - ring of resist corrosion
MPRegen 0.09/turn                (no ring)

@: lethally poisoned (0 -> -2), quick
A: very small, claws 1, fangs 3, see invisible, speed 1, shaggy fur 1, stealthy
paws, no weapons or thrown items, no armour, multi-lived
a: Renounce Religion, Berserk, Trog's Hand


You were on level 2 of the Dungeon.
You worshipped Trog.
Trog was pleased with you.
You visited 1 branch of the dungeon, and saw 2 of its levels.

You collected 74 gold pieces.

Inventory:

Jewellery
 e - a ring of resist corrosion (left paw)
Scrolls
 a - a scroll of enchant armour {unknown}
 g - a scroll of magic mapping {unknown}
 h - a scroll of noise {unknown}
Potions
 b - a potion of heal wounds {unknown}
 d - a potion of curing {unknown}
 f - a potion of magic {unknown}


   Skills:
 + Level 3.4 Fighting
 + Level 4.6 Dodging
 + Level 1.0 Stealth
 + Level 3.5 Unarmed Combat


You had 2 spell levels left.
You didn't know any spells.
Your spell library was empty.

Dungeon Overview and Level Annotations

Branches:
Dungeon (2/15)

Altars:


Innate Abilities, Weirdness & Mutations

You have sharp claws.
You have razor-sharp teeth.
You have supernaturally acute eyesight. (SInv)
You cover ground quickly. (Speed+)
You are covered in fur. (AC +1)
Your paws help you pounce on unaware monsters.
You are incapable of wielding weapons or throwing items.
You cannot wear armour.
You gain extra lives every three experience levels.


Message History

The frilled lizard bites you but does no damage.
You barely miss the frilled lizard. The adder misses you.
The frilled lizard closely misses you. The endoplasm hits you.
You scratch the frilled lizard.
You kill the frilled lizard!
Trog accepts your kill. The adder closely misses you. The endoplasm misses you.
The adder barely misses you. The adder closely misses you.
The endoplasm freezes you.
You are frozen.
You see here a hobgoblin corpse.
The adder attacks as you move away! The adder closely misses you.
You scratch the adder.
The adder is moderately wounded.
The adder misses you. The endoplasm hits you.
You scratch the adder.
The adder is heavily wounded.
The adder closely misses you. The endoplasm closely misses you.
The adder bites you.
You are poisoned.
The adder poisons you!
You closely miss the adder.
The adder is heavily wounded.
You feel sick. The adder bites you. The endoplasm hits you.
You scratch the adder but do no damage.
The adder is heavily wounded.
You feel sick. The adder bites you. The endoplasm completely misses you.
You miss the adder.
The adder is heavily wounded.
You feel sick. The adder bites you.
* * * LOW HITPOINT WARNING * * *
The endoplasm freezes you.
You are frozen.
* * * LOW HITPOINT WARNING * * *
As you read the scroll labelled OCKECAH CUHANT, it crumbles to dust.
The scroll dissolves into smoke.
It was a scroll of fog.
* * * LOW HITPOINT WARNING * * *
You feel sick. The adder closely misses you. The endoplasm barely misses you.
You die...

#.## #.........# #..#
#.........# ..#
#.........# # #.#
#....$....#.# # #.##
#.....>...?.# #.###..#
##....§....#
....#..#####...§SJ.#.##
#...........§§§§.#.#
###.....##...§@§...#
##.##.##.#§§§.#..#
#.......#####...#
#####..#...)$.#...
#..#. #######.. #######
##..#.# ..
......###...#.#
......##......#
..)...#..#....#


You could see an adder and an endoplasm.

Vanquished Creatures
  A dart slug (D:1)
  A bat (D:1)
  An endoplasm (D:1)
  4 giant cockroaches
  7 hobgoblins
  A quokka (D:1)
  2 ball pythons (D:1)
  7 frilled lizards
  6 kobolds
  6 rats
36 creatures vanquished.

Notes
Turn   | Place    | Note
-------+----------+-------------------------------------------
     0 | D:1      | gamesnag the Felid Berserker began the quest for the Orb.
     0 | D:1      | Reached XP level 1. HP: 10/10 MP: 2/2
   209 | D:1      | Reached XP level 2. HP: 14/14 MP: 3/3
   411 | D:1      | Reached ** piety under Trog
   624 | D:1      | Reached XP level 3. HP: 9/17 MP: 4/4
   974 | D:2      | Reached skill level 1 in Stealth
  1088 | D:2      | Succumbed to an adder's poison

Illustrated notes

Levels and vault maps discovered:
D:1:      mrwooster_arrival_statue_3, layout_loops_ring, nrook_campfire
D:2:      layout_rooms, uniq_natasha

Skill      XL: |  1  2  3 |
---------------+----------+-----
Stealth        | 1 |  1.0
Fighting       | |  3.4
Dodging        | |  4.6
Unarmed Combat | |  3.5

Action                   || total
-------------------------++-------
Melee: Unarmed           ||    85
       Bite              ||     5
       Punch             ||     3
  Use: Scroll            ||     1
 Stab: Sleeping          ||     4
Armor: Skin              ||     5
Dodge: Dodged            ||    65

Table legend: (Time is in decaauts)
 A = Elapsed time spent in this place.
 B = Non-inter-level travel time spent in this place.
 C = Inter-level travel time spent in this place.
 D = Time resting spent in this place.
 E = Time spent auto-exploring this place.
 F = Levels seen in this place.
 G = Mean time per level.
                   A        B        C        D        E       F      G
               +--------+--------+--------+--------+--------+-----+--------+
         Total |    900 |    900 |      0 |     69 |    201 |   2 |  450.0 |
       Dungeon |    900 |    900 |      0 |     69 |    201 |   2 |  450.0 |
               +--------+--------+--------+--------+--------+-----+--------+

Top non-repeatable levels by time:
     D:1: 765 daAuts
     D:2: 134 daAuts
